 Dungeon Crawl Stone Soup version 0.20.1-1-g8b1a95d (webtiles) character file.

445 troglodite the Skirmisher (level 6, -2/49 HPs)
             Began as a Demonspawn Berserker on Dec 19, 2017.
             Was a Priest of Trog.
             Slain by an orc
             ... wielding a +2 flail of protection
              (5 damage)
             ... on level 3 of the Dungeon.
             The game lasted 00:10:06 (3670 turns).

troglodite the Skirmisher (Demonspawn Berserker)    Turns: 3670, Time: 00:10:08

Health: -2/49      AC:  5    Str: 18    XL:     6   Next: 72%
Magic:  6/6        EV: 10    Int:  8    God:    Trog [***...]
Gold:   96         SH:  4    Dex: 17    Spells: 5/5 levels left

rFire    . . .     SeeInvis .   q - +2 dagger (drain)
rCold    + . .     Gourm    .   p - +0 buckler
rNeg     . . .     Faith    .   b - +0 animal skin
rPois    +         Spirit   .   (helmet restricted)
rElec    .         Reflect  .   f - +0 cloak {rPois}
rCorr    .         Harm     .   (no gloves)
MR       .....                  (no boots)
Stlth    ++++......             (no amulet)
Regen    0.2/turn               i - +3 ring of dexterity
MPRegen  0.1/turn               u - ring of stealth

@: berserk cooldown, slowed, very heavily drained, very slow
A: antennae 2, yellow scales 1, cold resistance 1, nightstalker 1, poison
resistance
a: Berserk, Trog's Hand, Burn Spellbooks, Renounce Religion


You were on level 3 of the Dungeon.
You worshipped Trog.
Trog was most pleased with you.
You were hungry.

You visited 1 branch of the dungeon, and saw 3 of its levels.

You collected 96 gold pieces.

Inventory:

Hand Weapons
 a - a +0 falchion
 q - a +2 dagger of draining (weapon)
Armour
 b - a +0 animal skin (worn)
 f - a +0 cloak of poison resistance (worn)
 p - a +0 buckler (worn)
Jewellery
 i - a +3 ring of dexterity (left hand)
 u - a ring of stealth (right hand)
Wands
 t - a wand of digging (17/24)
 v - a wand of random effects (18/48)
Scrolls
 d - 2 scrolls of identify {unknown}
 e - a scroll of random uselessness {unknown}
 g - 2 scrolls of enchant armour {unknown}
 h - 2 scrolls of amnesia {unknown}
 k - a scroll of recharging {unknown}
 l - 2 scrolls of magic mapping {unknown}
 n - a scroll of blinking {unknown}
 o - a scroll of teleportation {unknown}
 w - a scroll of remove curse {unknown}
Potions
 m - a potion of mutation
Comestibles
 c - 3 bread rations
 j - a royal jelly
 r - a meat ration
 s - 3 chunks of flesh


   Skills:
 * Level 4.4(1.4) Fighting
 + Level 0.1(0.0) Short Blades
 + Level 4.3(1.3) Long Blades
 * Level 3.3(0.4) Armour
 * Level 3.1(0.2) Dodging
 * Level 1.0(0.0) Stealth
 * Level 1.4(0.0) Shields


You had 5 spell levels left.
You didn't know any spells.

Dungeon Overview and Level Annotations

Branches:
Dungeon (3/15)

Altars:
Ashenzari
Qazlal


Innate Abilities, Weirdness & Mutations

You have a pair of antennae on your head.
You are partially covered in yellow scales. (AC +2)
You are slightly more attuned to the shadows.
Your flesh is cold resistant. (rC+)
Your system is resistant to poisons. (rPois)


Message History

Unknown command.
You closely miss the orc wizard.
The orc wizard is almost dead.
The orc wizard gestures at you while chanting.
The magic dart hits you!
* * * LOW HITPOINT WARNING * * *
The orc hits you with a flail of protection.
* * * LOW HITPOINT WARNING * * *
The orc closely misses you.
You puncture the orc wizard!
You kill the orc wizard!
Trog accepts your kill.
Trog appreciates your killing of a magic user.
You hit the orc.
The orc is almost dead.
You are no longer berserk.
You are exhausted.
You feel yourself slow down.
The orc hits you with a flail of protection.
You die...

.........# #...#.#.. .........#
#.#.#.#..
.........################.#......
>................................
.........###.........####...##...
.........# #.........#<##.#......
.###########.........#.##.#..#...
...............).....'...........
############...)@....#######...##
.######........oo....#.........##
.#....#......[.......#.#####...#.
.#....#..............#.#...#.....
.#....#.....######.....#.#.#....#
.#....#.....# #.#####.#.......
......#.....######...)##.#####..#
.#....#.............#......#....#
.#....#.............#..#...#.#.##


You could see 2 orcs.

Vanquished Creatures
  The ghost of bmj180 the Digger, a novice GrEE (D:3)
  An orc priest (D:3)
  2 orc wizards (D:3)
  4 adders
  An ooze (D:2)
  4 worms
  A dart slug (D:1)
  3 leopard geckos (D:3)
  5 orcs (D:3)
  3 giant cockroaches
  12 goblins
  5 hobgoblins
  2 jackals (D:3)
  A quokka (D:3)
  10 bats
  5 frilled lizards
  10 kobolds
  8 rats
78 creatures vanquished.

Notes
Turn   | Place    | Note
-------+----------+-------------------------------------------
     0 | D:1      | troglodite the Demonspawn Berserker began the quest for the Orb.
     0 | D:1      | Reached XP level 1. HP: 18/18 MP: 1/1
     0 | D:1      | Noticed a naga
     0 | D:1      | Noticed a gargoyle
     2 | D:1      | Noticed a vine stalker
    13 | D:1      | Noticed a vine stalker
    15 | D:1      | Noticed an octopode
    17 | D:1      | Noticed a vine stalker
    17 | D:1      | Noticed a felid
   164 | D:1      | Gained mutation: You are partially covered in yellow scales. (AC +2) [demonic ancestry]
   164 | D:1      | Reached XP level 2. HP: 21/24 MP: 2/2
   527 | D:1      | Reached ** piety under Trog
   588 | D:1      | Gained mutation: You have a pair of small antennae on your head. [demonic ancestry]
   588 | D:1      | Reached XP level 3. HP: 29/29 MP: 3/3
  1752 | D:2      | Gained mutation: You have a pair of antennae on your head. [demonic ancestry]
  1752 | D:2      | Reached XP level 4. HP: 23/35 MP: 4/4
  2665 | D:3      | Noticed bmj180's ghost (novice GrEE)
  2683 | D:3      | Killed bmj180's ghost
  2683 | D:3      | Reached skill level 1 in Shields
  2683 | D:3      | Reached XP level 5. HP: 10/42 MP: 5/5
  2683 | D:3      | Gained mutation: You are slightly more attuned to the shadows. [demonic ancestry]
  2683 | D:3      | Reached XP level 6. HP: 12/48 MP: 6/6
  2970 | D:3      | Found a stormy altar of Qazlal.
  2970 | D:3      | Found a shattered altar of Ashenzari.
  3100 | D:3      | Reached skill level 1 in Stealth
  3120 | D:3      | Gained mutation: Your flesh is cold resistant. (rC+) [potion of mutation]
  3120 | D:3      | Gained mutation: Your system is resistant to poisons. (rPois) [potion of mutation]
  3125 | D:3      | HP: 2/72 [orc (3)]
  3133 | D:3      | HP: 3/72 [orc (1)]
  3134 | D:3      | Reached *** piety under Trog
  3670 | D:3      | Slain by an orc

Skill      XL: |  1  2  3  4  5  6 |
---------------+-------------------+-----
Armour         | 2 3 |  3.3
Dodging        | 2 3 |  3.1
Long Blades    | 3 4 |  4.3
Fighting       | 4 |  4.4
Shields        | 1 |  1.4
Stealth        | 1 |  1.0
Short Blades   | |  0.1

Action                   |  1- 3 |  4- 6 || total
-------------------------+-------+-------++-------
Melee: Falchion          |   115 |   103 ||   218
       Dagger            |       |    36 ||    36
Invok: Berserk           |     1 |     4 ||     5
  Use: Potion            |       |     4 ||     4
 Stab: Sleeping          |       |     2 ||     2
  Eat: Chunk             |     3 |    10 ||    13
Armor: Animal skin       |    29 |    49 ||    78
       Skin              |       |    15 ||    15
Dodge: Dodged            |    87 |   117 ||   204
Block: Buckler           |       |    23 ||    23
       Rpst.: Falchion   |    29 |    41 ||    70
